 Dungeon Crawl Stone Soup version 0.29-a0-721-g7f417c9bbb (webtiles) character file.

Game seed: 11621938985263995723

18334 MrPoopyBoutHole the Cleaver (level 12, -5/97 HPs)
             Began as a Demonspawn Fighter on June 27, 2022.
             Was a High Priest of Nemelex Xobeh.
             Slain by an entropy weaver simulacrum (19 damage)
             ... in an ice cave on June 28, 2022.
             The game lasted 01:46:18 (18961 turns).

MrPoopyBoutHole the Cleaver (Demonspawn Fighter)   Turns: 18961, Time: 01:46:20

Health: -5/97      AC: 32    Str: 23    XL:     12   Next: 26%
Magic:  0/12       EV: 11    Int: 12    God:    Nemelex Xobeh [*****.]
Gold:   672        SH:  9    Dex: 12    Spells: 11/11 levels left

rFire   . . .      SeeInvis .   N - +10 hand axe "Uwoxifaw" {freeze, Str+3}
rCold   . . .      Faith    .   S - +0 kite shield
rNeg    . . .      Spirit   +   K - +18 Lear's hauberk
rPois   .          Reflect  .   (helmet currently unavailable)
rElec   .          Harm     .   l - +0 cloak
rCorr   .          Rampage  .   (gloves currently unavailable)
Will    .....                   (boots currently unavailable)
Stlth   ..........              p - amulet of guardian spirit
HPRegen 0.26/turn               u - ring of flight
MPRegen 0.13/turn               v - +4 ring of evasion

@: mighty, flying, invisible
A: slimy green scales 1, powered by pain 1, demonic magic 3, demonic touch 2
a: Renounce Religion, Draw Escape, Draw Destruction, Draw Summoning, Triple
Draw, Deal Four, Stack Five


You were in an ice cave.
You worshipped Nemelex Xobeh.
Nemelex Xobeh was extremely pleased with you.
You visited 3 branches of the dungeon, and saw 14 of its levels.
You also visited: Ossuary and Ice Cave.

You collected 702 gold pieces.
You spent 30 gold pieces at shops.

Inventory:

Hand Weapons
 a - a +1 vorpal arbalest
 s - a +0 halberd
 D - a +0 war axe
 N - the +10 hand axe "Uwoxifaw" (weapon) {freeze, Str+3}
   (You found it on level 5 of the Dungeon)

   It freezes those it strikes, dealing additional cold damage.
   It can also slow down cold-blooded creatures.
   Str:       It affects your strength (+3).
 R - a +0 shortbow of flaming
Missiles
 y - a boomerang of dispersal (quivered)
 z - 6 atropa-tipped darts
 H - 28 poisoned darts
 J - 5 silver javelins
 O - 4 silver boomerangs
 V - 2 throwing nets
Armour
 b - a +0 plate armour
 l - a +0 cloak (worn)
 F - a scarf of harm
 G - a +0 helmet
 K - the +18 Lear's hauberk (worn)
   (You found it on level 9 of the Dungeon)
 L - the +1 scale mail of the Stag {Harm rPois rCorr}
   (You found it on level 4 of the Dungeon)

   rPois:     It protects you from poison.
   rCorr:     It protects you from acid and corrosion.
   Harm:      It increases damage dealt and taken.
 S - a +0 kite shield (worn)
 T - the +2 robe of the Dice {SInv}
   (You found it on level 6 of the Dungeon)

   SInv:      It lets you see invisible.
Jewellery
 p - an amulet of guardian spirit (around neck)
 u - a ring of flight (left hand)
 v - a +4 ring of evasion (right hand)
 B - a ring of resist corrosion
Wands
 c - a wand of flame (1)
 g - a wand of mindburst (9)
 t - a wand of iceblast (1)
 C - a wand of quicksilver (8)
 E - a wand of polymorph (1)
 U - a wand of paralysis (14)
Scrolls
 d - 2 scrolls of blinking
 e - 6 scrolls of teleportation
 f - 10 scrolls of noise
 j - a scroll of silence {unknown}
 k - 4 scrolls of brand weapon
 q - 2 scrolls of fear
 r - 7 scrolls of identify
 w - a scroll of summoning
 I - 2 scrolls of fog
 M - 2 scrolls of magic mapping
 Q - 2 scrolls of vulnerability
 X - 2 scrolls of poison {unknown}
 Z - 2 scrolls of immolation
Potions
 h - 2 potions of heal wounds
 i - a potion of flight {unknown}
 m - 6 potions of attraction
 n - a potion of mutation {unknown}
 o - 2 potions of haste
 x - 6 potions of brilliance
 W - a potion of cancellation {unknown}
 Y - a potion of lignification


   Skills:
 * Level 10.0 Fighting
 * Level 12.0(12.4) Axes
 + Level 3.5(8.5) Maces & Flails
 + Level 3.0(8.3) Polearms
 - Level 0.4 Ranged Weapons
 + Level 1.0 Throwing
 + Level 8.1 Armour
 + Level 2.5 Dodging
 + Level 3.5 Stealth
 + Level 6.2 Shields
 + Level 0.6 Evocations


You had 11 spell levels left.
You didn't know any spells.
Your spell library contained the following spells:

 Spells                   Type           Power      Damage    Failure   Level
 Freeze                   Ice            0%         1d3       99%         1
 Sting                    Tmut/Pois      0%         1d3       99%         1
 Scorch                   Fire           0%         2d5       100%        2
 Dazzling Flash           Conj/Hex       0%         N/A       100%        3
 Frozen Ramparts          Ice            0%         1d2       100%        3
 Inner Flame              Hex/Fire       0%         N/A       100%        3
 Cause Fear               Hex            0%         N/A       100%        4
 Flame Wave               Conj/Fire      0%         2d4       100%        4
 Hailstorm                Conj/Ice       0%         3d3       100%        4
 Agony                    Necr           0%         N/A       100%        5
 Silence                  Hex/Air        0%         N/A       100%        5
 Summon Cactus Giant      Summ           0%         N/A       100%        6
 Discord                  Hex            0%         N/A       100%        8


Dungeon Overview and Level Annotations

Branches:
Dungeon (10/15)            Temple (1/1) D:4            Lair (3/6) D:10
Ossuary (visited)           IceCv (1/1)
  Swamp: Lair:2-4    Shoals: Lair:2-4     Snake: Lair:2-4    Spider: Lair:2-4
    Orc: D:9-12

Altars:
Ashenzari
Cheibriados
Dithmenos
Elyvilon
Fedhas
Gozag
Hepliaklqana
Kikubaaqudgha
Makhleb
Nemelex Xobeh
Okawaru
Qazlal
Ru
Sif Muna
Trog
Uskayaw
Vehumet
Wu Jian
Xom
Yredelemnul
Zin
The Shining One

Shops:
D:5 (

Annotations:
IceCv exclusion: 2 ice statues


Innate Abilities, Weirdness & Mutations

You are partially covered in slimy green scales. (AC +2)
You sometimes gain a little power by taking damage.
Spells you cast and wands you use may paralyse nearby enemies.
Your touch may inflict irresistible damage on your foes.


Message History

The harpy simulacrum vaporises!
Your Axes skill increases to level 12!
Really fly into that cloud of freezing vapour? [Y]es or [N]o only, please.
Really fly into that cloud of freezing vapour?
Okay, then.
You reach down and open the door.
An entropy weaver simulacrum comes into view.
You hit the entropy weaver simulacrum.
The entropy weaver simulacrum is lightly damaged.
The entropy weaver simulacrum barely misses you.
You block the entropy weaver simulacrum's attack.
The entropy weaver simulacrum hits you but does no damage.
You block the entropy weaver simulacrum's attack.
You barely miss the entropy weaver simulacrum.
The entropy weaver simulacrum is lightly damaged.
The entropy weaver simulacrum hits you but does no damage. x2
The entropy weaver simulacrum hits you.
The entropy weaver simulacrum freezes you!!
You block the entropy weaver simulacrum's attack.
You hit the entropy weaver simulacrum but do no damage.
The entropy weaver simulacrum is lightly damaged.
You block the entropy weaver simulacrum's attack.
The entropy weaver simulacrum hits you.
The entropy weaver simulacrum freezes you!!
You focus on the pain.
You feel your power returning.
The entropy weaver simulacrum closely misses you.
You block the entropy weaver simulacrum's attack.
You fade into invisibility!
The entropy weaver simulacrum hits you but does no damage.
The entropy weaver simulacrum hits you.
* * * LOW HITPOINT WARNING * * *
The entropy weaver simulacrum freezes you!!
* * * LOW HITPOINT WARNING * * *
The entropy weaver simulacrum closely misses you.
The entropy weaver simulacrum hits you.
* * * LOW HITPOINT WARNING * * *
The entropy weaver simulacrum freezes you!!
You die...
Your body glows slightly and disappears.

...
#+######'######
#.#.'.......'.
#.###.8...8.###
#.#.'.......'.#
#.###.8...8.###.
#.'...........'.
#.###.8...8.###
#.#.'......@Z.#
#.###.8...8.###
#.#.'.......'.#
#'###'#...#'###
#.. #.#...#.#
### ###...###
#...# ## #...#
## #⌠)##'##[⌠#


You could see an entropy weaver simulacrum (can't see you).

Vanquished Creatures
  A boulder beetle (Lair:2)
  A hydra (Lair:1)
  A death yak (Lair:1)
  A black mamba (Lair:3)
  2 cane toads
  A gargoyle (D:10)
  A rime drake (Lair:1)
  2 komodo dragons
  5 ice devils (IceCv)
  An entropy weaver simulacrum (IceCv)
  An anaconda simulacrum (IceCv)
  A polar bear (Lair:2)
  2 trolls (D:10)
  A blink frog (Lair:3)
  Sigmund (D:3)
  15 yaks
  3 wyverns
  2 dire elephant simulacra (IceCv)
  2 steam dragons
  A death yak simulacrum (IceCv)
  3 basilisks
  5 harpy simulacra (IceCv)
  2 orc warriors (D:8)
  2 water moccasins
  An ice beast (D:6)
  A black bear (Lair:3)
  An ogre (D:5)
  30 wolves
  3 centaurs
  A phantom (D:5)
  3 kobold brigands
  9 bullfrogs
  A scorpion (D:6)
  2 gnoll sergeants
  5 necrophages
  An elephant simulacrum (IceCv)
  11 killer bees
  3 electric eels (D:10)
  A centaur zombie (Ossuary)
  A human zombie (Ossuary)
  4 hounds
  A jelly (D:6)
  3 orc priests
  A gnoll shaman (D:7)
  Jessica (D:3)
  2 iguanas
  Ijyb (D:2)
  Terence (D:2)
  6 orc wizards
  5 hell rats (Lair:2)
  A spriggan simulacrum (IceCv)
  A statue (D:7)
  5 mummies
  Robin (D:3)
  18 gnolls
  6 adders
  6 white imps
  2 ufetubi
  2 worms
  3 dart slugs
  22 orcs
  5 ball pythons
  3 bats (D:1)
  5 endoplasms
  6 giant cockroaches
  A gnoll zombie (Ossuary)
  15 goblins
  9 hobgoblins
  2 jackals (D:4)
  A quokka (D:2)
  3 frilled lizards
  2 goblin zombies (Ossuary)
  11 kobolds
  3 orc zombies (Ossuary)
  5 rats
  A spectral orc (D:3)
295 creatures vanquished.

Vanquished Creatures (collateral kills)
  A cane toad (Lair:3)
  3 blink frogs (Lair:3)
  A basilisk (Lair:3)
  A wolf (Lair:1)
  A phantom (D:5)
  A killer bee (D:8)
  2 white imps (Lair:3)
  An orc (D:8)
11 creatures vanquished.

Vanquished Creatures (others)
  20 fungi
  20 plants
40 creatures vanquished.

Grand Total: 346 creatures vanquished

Notes
Turn   | Place    | Note
-------+----------+-------------------------------------------
     0 | D:1      | MrPoopyBoutHole the Demonspawn Fighter began the quest for
                  | the Orb.
     0 | D:1      | Reached XP level 1. HP: 18/18 MP: 1/1
   369 | D:1      | Gained mutation: Your touch may inflict minor irresistible
                  | damage on your foes. [demonic ancestry]
   369 | D:1      | Reached XP level 2. HP: 24/24 MP: 2/2
   851 | D:1      | Gained mutation: Spells you cast may paralyse adjacent
                  | enemies. [demonic ancestry]
   851 | D:1      | Reached XP level 3. HP: 29/29 MP: 3/3
  1350 | D:2      | Noticed Terence
  1401 | D:2      | Reached XP level 4. HP: 18/36 MP: 4/4
  2043 | D:2      | Killed Terence
  2580 | D:3      | Noticed Jessica
  2610 | D:3      | Killed Jessica
  2611 | D:3      | Gained mutation: Your touch may inflict irresistible damage
                  | on your foes. [demonic ancestry]
  2611 | D:3      | Reached XP level 5. HP: 17/42 MP: 5/5
  2996 | D:3      | Noticed Ijyb
  2998 | D:3      | Noticed Sigmund
  3389 | D:2      | HP: 1/42 [disintegration (16)]
  3395 | D:2      | Killed Ijyb
  4237 | D:3      | Killed Sigmund
  4238 | D:3      | Reached skill level 1 in Maces & Flails
  4238 | D:3      | Reached skill level 1 in Dodging
  4238 | D:3      | Reached XP level 6. HP: 36/48 MP: 6/6
  4576 | D:3      | Found a basalt altar of Yredelemnul.
  4576 | D:3      | Noticed Robin
  4991 | D:3      | Killed Robin
  5755 | D:4      | Found a staircase to the Ecumenical Temple.
  5773 | Temple   | Entered the Ecumenical Temple
  5981 | Temple   | Became a worshipper of Nemelex Xobeh the Trickster
  6103 | D:4      | Identified the +1 scale mail of the Stag {Harm rPois rCorr}
  6689 | D:5      | Entered Level 5 of the Dungeon
  6791 | D:5      | Reached XP level 7. HP: 29/55 MP: 7/7
  7266 | D:5      | Found an opulent altar of Gozag.
  7448 | D:5      | Reached * piety under Nemelex Xobeh
  7452 | D:5      | Reached skill level 5 in Fighting
  7481 | D:5      | Identified the +10 hand axe "Uwoxifaw" {freeze, Str+3}
  7598 | D:5      | Found Cauqapn's Weapon Boutique.
  7645 | D:5      | Reached skill level 5 in Armour
  7918 | D:5      | Reached skill level 1 in Stealth
  7918 | D:5      | Reached XP level 8. HP: 63/63 MP: 8/8
  7990 | D:5      | Bought a +0 shortbow for 30 gold pieces
  8112 | D:5      | Found a shimmering blue altar of Sif Muna.
  8139 | D:5      | Reached skill level 1 in Axes
  8151 | D:5      | Got Sif Muna's Guide on Contamination
  8461 | D:6      | Received a gift from Nemelex Xobeh
  8509 | D:6      | Reached skill level 2 in Axes
  8838 | D:6      | Identified the +2 robe of the Dice {SInv}
  8922 | D:6      | Reached ** piety under Nemelex Xobeh
  9030 | D:6      | Reached skill level 3 in Axes
  9140 | D:7      | Found a sand-covered staircase.
  9149 | Ossuary  | Entered an ossuary
  9221 | Ossuary  | Reached skill level 4 in Axes
  9724 | D:7      | Gained mutation: You sometimes gain a little power by
                  | taking damage. [demonic ancestry]
  9724 | D:7      | Reached XP level 9. HP: 61/69 MP: 9/9
  9759 | D:7      | Found a radiant altar of Vehumet.
  9881 | D:8      | Received a gift from Nemelex Xobeh
 10104 | D:8      | Reached skill level 5 in Axes
 10397 | D:8      | Found an ancient bone altar of Kikubaaqudgha.
 10679 | D:8      | Received a gift from Nemelex Xobeh
 10814 | D:8      | Found a broken altar of Ashenzari.
 11659 | D:8      | Reached skill level 6 in Axes
 11918 | D:9      | Reached *** piety under Nemelex Xobeh
 11980 | D:9      | Found the +18 Lear's hauberk
 12337 | D:9      | Noticed a kobold demonologist
 12338 | D:9      | Noticed a sun demon
 12443 | D:10     | Entered Level 10 of the Dungeon
 12443 | D:10     | Received a gift from Nemelex Xobeh
 12443 | D:10     | Found a burning altar of Makhleb.
 12460 | D:10     | Noticed a troll
 12484 | D:10     | Killed a troll
 12485 | D:10     | Reached skill level 7 in Axes
 12488 | D:10     | Found a sacrificial altar of Ru.
 12529 | D:10     | Noticed a troll
 12545 | D:10     | Killed a troll
 12546 | D:10     | Gained mutation: Spells you cast may paralyse nearby
                  | enemies. [demonic ancestry]
 12546 | D:10     | Reached XP level 10. HP: 69/79 MP: 7/10
 12786 | D:10     | Found a staircase to the Lair.
 13175 | D:10     | Noticed a gargoyle
 13176 | D:10     | Found a hazy altar of Hepliaklqana.
 13178 | D:10     | Paralysed by a kobold brigand for 3 turns
 13188 | D:10     | Paralysed by a kobold brigand for 4 turns
 13201 | D:10     | Killed a gargoyle
 13202 | D:10     | Reached skill level 8 in Axes
 13214 | D:10     | Found a faded altar of an unknown god.
 13668 | Lair:1   | Entered Level 1 of the Lair of Beasts
 13687 | Lair:1   | Noticed a six-headed hydra
 13813 | Lair:1   | Reached skill level 1 in Throwing
 13851 | Lair:2   | Noticed a boulder beetle
 13863 | Lair:1   | Reached skill level 5 in Shields
 13960 | Lair:1   | Killed a ten-headed hydra
 13961 | Lair:1   | Reached skill level 9 in Axes
 14208 | Lair:1   | Gained mutation: Spells you cast and wands you use may
                  | paralyse nearby enemies. [demonic ancestry]
 14208 | Lair:1   | Reached XP level 11. HP: 73/87 MP: 8/11
 14249 | Lair:1   | Noticed a death yak
 14279 | Lair:1   | Killed a death yak
 14455 | Lair:1   | Received a gift from Nemelex Xobeh
 14540 | Lair:1   | Reached **** piety under Nemelex Xobeh
 14598 | Lair:1   | Reached skill level 10 in Axes
 15176 | Lair:2   | Killed a boulder beetle
 16093 | Lair:2   | Reached skill level 11 in Axes
 16169 | Lair:2   | Received a gift from Nemelex Xobeh
 16172 | Lair:2   | Identified the +4 quarterstaff of Ajenwyl {chaos, Drain
                  | Will+ Str+4}
 17018 | Lair:3   | Found a frozen archway.
 17030 | Lair:3   | Gained mutation: You are partially covered in slimy green
                  | scales. (AC +2) [demonic ancestry]
 17030 | Lair:3   | Reached XP level 12. HP: 51/96 MP: 8/12
 17036 | IceCv    | Entered an ice cave
 17785 | IceCv    | Reached ***** piety under Nemelex Xobeh
 18153 | IceCv    | Reached skill level 10 in Fighting
 18955 | IceCv    | Reached skill level 12 in Axes
 18961 | IceCv    | Slain by an entropy weaver simulacrum

Illustrated notes

Levels and vault maps discovered:
D:1:      amcnicky_arrival_double_pillar, layout_basic
D:2:      layout_basic, uniq_terence
D:3:      layout_basic, yredelemnul_forgotten_temple_becter,
          mrwooster_statue_mirror, uniq_robin, uniq_sigmund, uniq_jessica,
          uniq_ijyb
D:4:      layout_layer_cave, minmay_temple_entry_glassed_door
D:5:      layout_basic, led_sif_book, mainiacjoe_overflow_small_starburst,
          serial_shops, shop
D:6:      layout_loops_ring, nicolae_elyvilon_temple_path
D:7:      layout_basic, vehumet_statue, gup_ossuary_entry_pyramid,
          skrybe_limestone_x
D:8:      layout_gridville, mainiacjoe_overflow_boulevard,
          mainiacjoe_overflow_alcove_1
D:9:      layout_roguey
D:10:     layout_basic, chequers_temple_overflow_statue_of_worship,
          beargit_hepliaklqana_dungeon_heroes, erik_lair_island
Temple:   minmay_temple_bridge_abc
Lair:1:   layout_gridlike, eino_small_chamber_without_monster, st_stairs_5,
          chequers_serial_rivers_micro_a, grunt_forest_large_clearings
Lair:2:   layout_loops_ring, gauntlet_entry_generic
Lair:3:   layout_cave_pods, shoals_dummy_entry, portal_ice_cave_entry_imps,
          infiniplex_staircase_pool_2, grunt_megastairs_1
IceCv:    ice_cave_tombish

Skill      XL: |  1  2  3  4  5  6  7  8  9 10 11 12 |
---------------+-------------------------------------+-----
Polearms       | 2 3 |  3.0
Armour         | 3 4 5 6 7 8 |  8.1
Shields        | 3 4 5 6 |  6.2
Fighting       | 4 5 6 7 8 9 10 | 10.0
Maces & Flails | 1 2 3 |  3.5
Dodging        | 1 2 |  2.5
Stealth        | 1 2 3 |  3.5
Axes           | 4 7 9 11 12 | 12.0
Throwing       | 1 |  1.0
Ranged Weapons | |  0.4
Evocations     | |  0.6

Action                   |  1- 3 |  4- 6 |  7- 9 | 10-12 || total
-------------------------+-------+-------+-------+-------++-------
Melee: Trident           |    66 |    23 |       |       ||    89
       Hand axe          |    12 |       |   262 |   500 ||   774
       Mace              |     1 |       |       |       ||     1
       Flail             |       |   197 |    60 |       ||   257
       War axe           |       |     3 |       |       ||     3
 Fire: Shortbow          |       |       |     9 |       ||     9
Throw: Dart              |       |     2 |       |       ||     2
       Boomerang         |       |       |       |     2 ||     2
Invok: Draw Summoning    |       |       |     1 |     2 ||     3
       Draw Destruction  |       |       |       |     1 ||     1
Evoke: Wand              |       |     5 |       |     4 ||     9
  Use: Scroll            |       |     5 |    10 |     4 ||    19
       Potion            |       |     3 |     6 |     7 ||    16
 Stab: Paralysed         |       |       |       |     7 ||     7
Armor: Scale mail        |    24 |   121 |   119 |       ||   264
       Plate armour      |       |       |    43 |       ||    43
       Chain mail        |       |       |    12 |   292 ||   304
Dodge: Dodged            |    24 |   110 |   133 |   200 ||   467
Block: Buckler           |     9 |    62 |    15 |       ||    86
       Kite shield       |       |       |   108 |   199 ||   307

Table legend: (Time is in decaauts)
 A = Elapsed time spent in this place.
 B = Non-inter-level travel time spent in this place.
 C = Inter-level travel time spent in this place.
 D = Time resting spent in this place.
 E = Time spent auto-exploring this place.
 F = Levels seen in this place.
 G = Mean time per level.
                   A        B        C        D        E       F      G
               +--------+--------+--------+--------+--------+-----+--------+
         Total |  19122 |  18191 |    931 |   6821 |   5257 |  16 | 1195.1 |
       Dungeon |  13306 |  12681 |    625 |   4362 |   4422 |  10 | 1330.6 |
        Temple |    229 |    200 |     29 |      0 |    103 |   1 |  229.0 |
          Lair |   3352 |   3075 |    277 |    863 |    732 |   3 | 1117.3 |
       Ossuary |    332 |    332 |      0 |     42 |      0 |   1 |  332.0 |
      Ice Cave |   1900 |   1900 |      0 |   1554 |      0 |   1 | 1900.0 |
               +--------+--------+--------+--------+--------+-----+--------+

Top non-repeatable levels by time:
     D:2: 3016 daAuts
   IceCv: 1900 daAuts
     D:8: 1733 daAuts
  Lair:2: 1553 daAuts
     D:5: 1501 daAuts
  Lair:1: 1471 daAuts
     D:3: 1257 daAuts
    D:10: 1216 daAuts
     D:1: 1189 daAuts
     D:4: 1097 daAuts
     D:6: 922 daAuts
     D:7: 764 daAuts
     D:9: 607 daAuts
 Ossuary: 332 daAuts
  Lair:3: 327 daAuts
